 Dungeon Crawl Stone Soup version 0.29-a0-356-g7bc237e783 (webtiles) character file.

Game seed: 11458417456198419005

104 zeratav the Conjurer (level 4, -2/27 HPs)
             Began as an Octopode Conjurer on Apr 26, 2022.
             Killed from afar by Natasha (8 damage)
             ... with a magic dart
             ... on level 3 of the Dungeon.
             The game lasted 00:04:15 (2125 turns).

zeratav the Conjurer (Octopode Conjurer)            Turns: 2125, Time: 00:04:16

Health: -2/27      AC:  1    Str:  6    XL:     4   Next: 80%
Magic:  2/8        EV: 13    Int: 22    God:
Gold:   110        SH:  0    Dex: 10    Spells: 8/9 levels left

rFire   . . .      SeeInvis .   b - +0 short sword {short}
rCold   . . .      Faith    .   (no shield)
rNeg    . . .      Spirit   .   (helmet restricted)
rPois   .          Reflect  .   (no amulet)
rElec   .          Harm     .   (no ring)
rCorr   .          Rampage  .   (no ring)
Will    .....                   (no ring)
Stlth   +++.......              (no ring)
HPRegen 0.09/turn               (no ring)
MPRegen 0.11/turn               (no ring)
                                (no ring)
                                (no ring)

@: no status effects
A: almost no armour, amphibious, 8 rings, camouflage 1, gelatinous body 1,
(nimble swimmer 1), tentacles
a: no special abilities


You were on level 3 of the Dungeon.
You visited 1 branch of the dungeon, and saw 3 of its levels.

You collected 110 gold pieces.


Innate Abilities, Weirdness & Mutations

You cannot wear most types of armour.
You are amphibious.
You can wear up to eight rings at the same time.
Your skin changes colour to match your surroundings (Stealth+).
Your rubbery body absorbs attacks. (AC +1, EV +1)
((You are camouflaged when in or above water. (Stealth+)))
You have tentacles for arms and can constrict up to eight enemies at once.


   Skills:
 - Level 2.0 Dodging
 - Level 2.6 Stealth
 + Level 3.0 Spellcasting
 + Level 4.7 Conjurations
 + Level 2.2 Translocations


You had 8 spell levels left.
You knew the following spells:

 Your Spells              Type           Power      Damage    Failure   Level
a - Magic Dart            Conj           96%        1d7       1%          1

Your spell library contained the following spells:

 Spells                   Type           Power      Damage    Failure   Level
 Searing Ray              Conj           48%        2d6       2%          2
 Dazzling Flash           Conj/Hex       26%        N/A       14%         3
 Ensorcelled Hibernation  Hex/Ice        6%         N/A       19%         2
 Iskenderun's Mystic Bla  Conj/Tloc      18%        2d6       28%         4
 Spider Form              Tmut/Pois      3%         N/A       36%         3
 Tukima's Dance           Hex            3%         N/A       36%         3
 Fulminant Prism          Conj/Hex       6%         3d7       43%         4
 Passage of Golubria      Tloc           13%        N/A       43%         4
 Anguish                  Hex/Necr       1%         N/A       77%         4
 Freezing Cloud           Conj/Ice/Air   5%         6-21      87%         5
 Silence                  Hex/Air        1%         N/A       98%         5
 Yara's Violent Unravell  Hex/Tmut       1%         3d3       98%         5
 Simulacrum               Ice/Necr       1%         N/A       100%        6
 Lehudib's Crystal Spear  Conj/Erth      6%         10d3      100%        8
 Polar Vortex             Ice            1%         N/A       100%        9

Inventory:

Hand Weapons
 b - a +0 short sword (weapon) {short}
   (You found it on level 1 of the Dungeon)
 f - a +2 falchion of holy wrath {long}
   (You found it on level 1 of the Dungeon)
Scrolls
 d - 5 scrolls of teleportation {unknown}
 e - a scroll of fog {unknown}
 k - a scroll of vulnerability {unknown}
Potions
 a - a potion of magic
 c - a potion of curing {unknown}
 g - 2 potions of lignification {unknown}
 h - a potion of cancellation {unknown}
 i - a potion of brilliance {unknown}
 j - a potion of heal wounds {unknown}

Dungeon Overview and Level Annotations

Branches:
Dungeon (3/15)

Altars:

Shops:
D:3 :

Annotations:
D:3 Natasha

#...# #.# ...# #.# .. .÷#
#.# ....###.# #∩#
.......÷#####.######
.#+####÷##.........#
#.#...............######
#.#.###.#..............#
#.#<###....@........(..#
#..........#'#####.......
########.#..†.# .......
........# .......
####.....# .......
#....!. ....... #.(.h...
.... ##.[..... #.......


You could see Natasha.


Message History

You can't see any susceptible monsters within range! (Use Z to cast anyway.)
Found Ahomir's Book Emporium.
MP[+2]
Your mp is fully restored (8).
You can't see any susceptible monsters within range! (Use Z to cast anyway.)
You can't see any susceptible monsters within range! (Use Z to cast anyway.)
A ball python comes into view.
A ball python is nearby!
The magic dart hits the ball python.
You kill the ball python!
MP[-1]
You lost 1 mp, and now have 7/8 mp.
You can't see any susceptible monsters within range! (Use Z to cast anyway.)
You can't see any susceptible monsters within range! (Use Z to cast anyway.)
There is an entrance to Ahomir's Book Emporium here.
You can access your shopping list by pressing '$'.
MP[+1]
Your mp is fully restored (8).
A ball python comes into view.
The magic dart hits the ball python.
The ball python hisses angrily.
MP[-1]
You lost 1 mp, and now have 7/8 mp.
The magic dart hits the ball python.
You kill the ball python!
MP[-1]
You lost 1 mp, and now have 6/8 mp.
You can't see any susceptible monsters within range! (Use Z to cast anyway.)
You can't see any susceptible monsters within range! (Use Z to cast anyway.)
You now have 110 gold pieces (gained 6).
You open the door.
Natasha, Servant of Life and Death comes into view.
She is carrying a wand of flame (14).
There is an open door here.
MP[+2]
Your mp is fully restored (8).
The magic dart hits Natasha!
Natasha hisses angrily.
MP[-1]
You lost 1 mp, and now have 7/8 mp.
The magic dart hits Natasha.
Natasha casts a spell at you. The magic dart hits you.
HP[-5] MP[-1]
You take 5 damage, and now have 22/27 hp.
You lost 1 mp, and now have 6/8 mp.
The magic dart hits Natasha but does no damage.
MP[-1]
You lost 1 mp, and now have 5/8 mp.
You can't see any susceptible monsters within range! (Use Z to cast anyway.)
You can't see any susceptible monsters within range! (Use Z to cast anyway.) Natasha is nearby!
The magic dart hits Natasha.
MP[-1]
You lost 1 mp, and now have 4/8 mp.
You miscast Magic Dart.
You are very lightly contaminated with residual magic.
Nothing appears to happen.
Natasha wildly gestures.
You feel troubled.
MP[-1]
You lost 1 mp, and now have 3/8 mp.
The magic dart hits Natasha.
Natasha claws you.
HP[-4] MP[-1]
You take 4 damage, and now have 18/27 hp.
You lost 1 mp, and now have 2/8 mp.
You are too injured to fight recklessly!
Casting: Magic Dart (safe; 1% risk of failure)
Confirm with . or Enter, or press ? or * to list all spells.
You don't know that spell.
Unknown command.
Casting: Magic Dart (safe; 1% risk of failure)
Confirm with . or Enter, or press ? or * to list all spells.
You don't know that spell.
You are too injured to fight recklessly!
You are too injured to fight recklessly!
Casting: Magic Dart (safe; 1% risk of failure)
Confirm with . or Enter, or press ? or * to list all spells.
Aiming: Magic Dart (safe; 1% risk of failure)
Press: ? - help, Shift-Dir - straight line, f/p - Natasha
Aim: Natasha, carrying a wand of flame (14) (almost dead, 100% to hit)
The magic dart hits Natasha.
You kill Natasha!
Natasha screams in fury as she dies!
Your Spellcasting skill increases to level 3!
MP[-1]
You lost 1 mp, and now have 1/8 mp.
Natasha, Servant of Life and Death comes into view.
She is carrying a wand of flame (14).
Your magical contamination has completely faded away.
HP[+1] MP[+1]
You are too injured to fight recklessly!
You are too injured to fight recklessly!
Natasha zaps a wand.
The puff of flame hits you!
* * * LOW HITPOINT WARNING * * *
HP[-13]
You take 13 damage, and now have 6/27 hp.
MASSIVE DAMAGE!! (PAUSE) Natasha casts a spell at you.
The magic dart hits you!
You die...

Skill      XL: |  1  2  3  4 |
---------------+-------------+-----
Translocations | 1 2 |  2.2
Spellcasting   | 3 |  3.0
Dodging        | |  2.0
Stealth        | |  2.6
Conjurations   | |  4.7

Action                   |  1- 3 |  4- 6 || total
-------------------------+-------+-------++-------
Melee: Unarmed           |     6 |       ||     6
       Tentacles         |     5 |       ||     5
       Constrict         |     5 |     1 ||     6
       Short sword       |    14 |     3 ||    17
 Cast: Magic Dart        |    73 |    11 ||    84
 Stab: Sleeping          |     1 |       ||     1
Armor: Skin              |     1 |     1 ||     2
Dodge: Dodged            |    14 |     1 ||    15

Levels and vault maps discovered:
D:1:      ldierk_walled_garden, layout_basic
D:2:      layout_basic
D:3:      layout_basic, serial_shops, shop, gammafunk_ghost_mausoleum,
          uniq_natasha

Notes
Turn   | Place    | Note
-------+----------+-------------------------------------------
     0 | D:1      | zeratav the Octopode Conjurer began the quest for the Orb.
     0 | D:1      | Reached XP level 1. HP: 11/11 MP: 3/3
     0 | D:1      | magus.rc [v1.9.6]
   105 | D:1      | Reached XP level 2. HP: 14/17 MP: 1/5
   332 | D:1      | Reached skill level 1 in Translocations
   631 | D:1      | You pick up a book of Ice and begin reading...
   631 | D:1      | You add the spells Freezing Cloud, Simulacrum and Polar
                  | Vortex to your library.
   694 | D:1      | Reached XP level 3. HP: 21/21 MP: 3/6
   926 | D:1      | You pick up a book of Dreams and begin reading...
   926 | D:1      | You add the spells Ensorcelled Hibernation, Spider Form and
                  | Anguish to your library.
   967 | D:1      | You add the spells Tukima's Dance, Passage of Golubria and
                  | Yara's Violent Unravelling to your library.
  1529 | D:2      | You pick up a book of the Moon and begin reading...
  1529 | D:2      | You add the spells Silence and Lehudib's Crystal Spear to
                  | your library.
  1827 | D:3      | Noticed Natasha
  1839 | D:3      | Killed Natasha
  1840 | D:3      | Reached skill level 2 in Translocations
  1840 | D:3      | Reached XP level 4. HP: 12/27 MP: 1/8
  2064 | D:3      | Found Ahomir's Book Emporium.
  2110 | D:3      | Noticed Natasha
  2118 | D:3      | Killed Natasha
  2119 | D:3      | Reached skill level 3 in Spellcasting
  2122 | D:3      | Noticed Natasha
  2124 | D:3      | HP: 6/27 [Natasha/puff of flame (13)]
  2125 | D:3      | Killed from afar by Natasha

Vanquished Creatures
  Natasha (twice) (D:3)
  A worm (D:2)
  2 dart slugs (D:1)
  7 ball pythons
  3 bats
  4 endoplasms (D:1)
  4 giant cockroaches (D:1)
  A goblin (D:1)
  4 hobgoblins
  4 jackals (D:2)
  A quokka (D:1)
  2 frilled lizards
  4 kobolds
  5 rats
44 creatures vanquished.

Vanquished Creatures (others)
  5 toadstools (D:1)
5 creatures vanquished.

Grand Total: 49 creatures vanquished

Table legend:
 A = Non-vault XP
 B = Vault XP
 C = Vault XP percentage of total XP
 D = Non-vault monster count
 E = Vault monster count
 F = Vault count percentage of total count
                 A         B        C        D         E       F
            +---------+---------+-------+---------+---------+-------
      Total |     113 |      36 |  24.2 |      43 |       1 |   2.3
            +---------+---------+-------+---------+---------+-------
        D:1 |      43 |       0 |   0.0 |      22 |       0 |   0.0
        D:2 |      24 |       0 |   0.0 |      14 |       0 |   0.0
        D:3 |      46 |      36 |  43.9 |       7 |       1 |  12.5
            +---------+---------+-------+---------+---------+-------

Illustrated notes

Table legend:
 A = Kills in this place as a percentage of kills in entire the game.
 B = Kills by you in this place as a percentage of kills by you in the entire game.
 C = Kills by friends in this place as a percentage of kills by friends in the entire game.
 D = Other kills in this place as a percentage of other kills in the entire game.
 E = Experience gained in this place as a percentage of experience gained in the entire game.
 F = Experience gained in this place divided by the number of levels of this place that you have seen.
                   A       B       C       D       E      F
               +-------+-------+-------+-------+-------+----------------------
         Total | 100.0 | 100.0 |   N/A |   N/A | 100.0 |  49.7
       Dungeon | 100.0 | 100.0 |   N/A |   N/A | 100.0 |  49.7
               +-------+-------+-------+-------+-------+----------------------

Table legend: (Time is in decaauts)
 A = Elapsed time spent in this place.
 B = Non-inter-level travel time spent in this place.
 C = Inter-level travel time spent in this place.
 D = Time resting spent in this place.
 E = Time spent auto-exploring this place.
 F = Levels seen in this place.
 G = Mean time per level.
                   A        B        C        D        E       F      G
               +--------+--------+--------+--------+--------+-----+--------+
         Total |   2125 |   2100 |     25 |    197 |   1715 |   3 |  708.3 |
       Dungeon |   2125 |   2100 |     25 |    197 |   1715 |   3 |  708.3 |
               +--------+--------+--------+--------+--------+-----+--------+

Top non-repeatable levels by time:
     D:1: 1124 daAuts
     D:2: 688 daAuts
     D:3: 312 daAuts
